 Dungeon Crawl Stone Soup version 0.23.0 (webtiles) character file.

Game seed: 10845233534889375849

32 johnnyrequiem the Firebug (level 3, -6/19 HPs)
             Began as a Deep Elf Fire Elementalist on Feb 11, 2019.
             Mangled by a worm (7 damage)
             ... on level 2 of the Dungeon.
             The game lasted 00:09:28 (1530 turns).

johnnyrequiem the Firebug (DEFE)                    Turns: 1530, Time: 00:09:29

Health: -6/19      AC:  2    Str:  5    XL:     3   Next: 8%
Magic:  1/9        EV: 13    Int: 20    God:
Gold:   92         SH:  0    Dex: 15    Spells: 2/8 levels left

rFire    . . .     SeeInvis .   h - +0 short sword
rCold    . . .     Gourm    .   (no shield)
rNeg     . . .     Faith    .   a - +0 robe
rPois    .         Spirit   .   (no helmet)
rElec    .         Reflect  .   (no cloak)
rCorr    .         Harm     .   (no gloves)
MR       .....                  (no boots)
Stlth    ++........             (no amulet)
HPRegen  0.06/turn              (no ring)
MPRegen  0.11/turn              (no ring)

@: no status effects
A: no striking features
a: no special abilities


You were on level 2 of the Dungeon.
You were not hungry.

You visited 1 branch of the dungeon, and saw 2 of its levels.

You collected 92 gold pieces.

Inventory:

Hand Weapons
 d - a +0 dagger
 h - a +0 short sword (weapon)
Armour
 a - a +0 robe (worn)
Jewellery
 g - an uncursed ring of fire {unknown}
Scrolls
 b - 2 scrolls of teleportation {unknown}
 e - a scroll of random uselessness {unknown}
 f - 2 scrolls of enchant weapon {unknown}
 i - a scroll of identify {unknown}
 j - a scroll of remove curse {unknown}
Comestibles
 c - 3 rations


   Skills:
 + Level 0.1 Fighting
 + Level 0.1 Short Blades
 + Level 2.6 Dodging
 + Level 2.4 Stealth
 + Level 3.3 Spellcasting
 + Level 1.6 Conjurations
 + Level 4.0 Fire Magic


You had 2 spell levels left.
You knew the following spells:

 Your Spells              Type           Power        Failure   Level  Hunger
a - Flame Tongue          Conj/Fire      ##...        4%          1    None
b - Throw Flame           Conj/Fire      ##....       6%          2    ##.....
c - Conjure Flame         Conj/Fire      ##......     13%         3    ###....

Your spell library contained the following spells:

 Spells                   Type           Power        Failure   Level  Hunger
 Inner Flame              Hex/Fire       ##......     19%         3    ###....
 Sticky Flame             Conj/Fire      ##......     38%         4    ####...
 Fireball                 Conj/Fire      ##........   75%         5    ######.


Dungeon Overview and Level Annotations

Branches:
Dungeon (2/15)

Altars:


Message History

The flame tongue hits the worm!
The worm is severely wounded.
You hit the worm.
The worm is severely wounded.
The worm closely misses you.
You hit the worm but do no damage.
The worm is severely wounded.
The worm bites you!
* * * LOW HITPOINT WARNING * * *
Casting: Flame Tongue (safe; 4% risk of failure)
Confirm with . or Enter, or press ? or * to list all spells.
You don't have enough magic to cast that spell.
You aren't carrying any potions.
Okay, then.
You hit the worm.
The worm is severely wounded.
You hit the worm.
The worm is almost dead.
The worm bites you!
You die...

...#.#
#...######.#
..#...#..$##.....#
......#...##.....#
......<...##...†.#
.$........##.....#
.................#
.....?#†...#.....#
.......#...#.....#
......○w@..###..##
................#
................#
.....##..........
..... ...........#
.... ###.......#.#
... #.......# ...
###.#####


You could see a worm.

Vanquished Creatures
  A worm (D:2)
  A leopard gecko (D:2)
  2 ball pythons (D:1)
  5 bats
  3 goblins
  2 hobgoblins
  A quokka (D:2)
  6 kobolds (D:1)
  7 rats (D:1)
28 creatures vanquished.

Notes
Turn   | Place    | Note
-------+----------+-------------------------------------------
     0 | D:1      | johnnyrequiem the Deep Elf Fire Elementalist began the
                  | quest for the Orb.
     0 | D:1      | Reached XP level 1. HP: 10/10 MP: 6/6
   357 | D:1      | Reached XP level 2. HP: 15/15 MP: 5/8
   384 | D:1      | Learned a level 2 spell: Throw Flame
   776 | D:1      | Reached skill level 4 in Fire Magic
  1499 | D:2      | Reached XP level 3. HP: 19/19 MP: 9/9
  1504 | D:2      | Learned a level 3 spell: Conjure Flame
  1530 | D:2      | Mangled by a worm

Skill      XL: |  1  2 |
---------------+-------+-----
Fire Magic     | 4 |  4.0
Fighting       | |  0.1
Short Blades   | |  0.1
Dodging        | |  2.6
Stealth        | |  2.4
Spellcasting   | |  3.3
Conjurations   | |  1.6

Action                   || total
-------------------------++-------
Melee: Dagger            ||     3
       Short sword       ||    37
 Cast: Flame Tongue      ||    24
       Throw Flame       ||    13
       Conjure Flame     ||     1
 Stab: Sleeping          ||     1
  Eat: Ration            ||     1
Armor: Robe              ||    10
Dodge: Dodged            ||    34
